 Dungeon Crawl Stone Soup version 0.29-a0-416-g83a48905f1 (webtiles) character file.

Game seed: 3892035654503015004

65 Hubjo the Firebug (level 3, -2/21 HPs)
             Began as a Deep Elf Fire Elementalist on May 16, 2022.
             Slain by a gnoll
             ... wielding a +0 spear
              (5 damage)
             ... on level 1 of the Dungeon.
             The game lasted 00:02:10 (2358 turns).

Hubjo the Firebug (Deep Elf Fire Elementalist)      Turns: 2358, Time: 00:02:10

Health: -2/21      AC:  2    Str:  5    XL:     3   Next: 94%
Magic:  10/10      EV: 12    Int: 21    God:
Gold:   49         SH:  0    Dex: 15    Spells: 8/9 levels left

rFire   . . .      SeeInvis .   (no weapon)
rCold   . . .      Faith    .   (no shield)
rNeg    . . .      Spirit   .   a - +0 robe
rPois   .          Reflect  .   (no helmet)
rElec   .          Harm     .   (no cloak)
rCorr   .          Rampage  .   (no gloves)
Will    .....                   (no boots)
Stlth   ++........              (no amulet)
HPRegen 0.07/turn               e - ring of wizardry
MPRegen 0.12/turn               k - +4 ring of slaying

@: weak-willed
A: no striking features
a: no special abilities


You were on level 1 of the Dungeon.
You visited 1 branch of the dungeon, and saw 2 of its levels.

You collected 49 gold pieces.

Inventory:

Armour
 a - a +0 robe (worn)
Jewellery
 c - a ring of poison resistance
 e - a ring of wizardry (left hand)
 k - a +4 ring of slaying (right hand)
Scrolls
 f - 2 scrolls of identify
 g - 2 scrolls of teleportation
 h - 2 scrolls of enchant weapon {unknown}
Potions
 b - 2 potions of magic
 j - 2 potions of mutation {unknown}


   Skills:
 * Level 1.7 Fighting
 - Level 2.4 Dodging
 + Level 3.2 Stealth
 + Level 3.7 Spellcasting
 - Level 1.1 Conjurations
 + Level 3.8 Fire Magic


You had 8 spell levels left.
You knew the following spells:

 Your Spells              Type           Power      Damage    Failure   Level
a - Foxfire               Conj/Fire      56%        2x1d6     1%          1

Your spell library contained the following spells:

 Spells                   Type           Power      Damage    Failure   Level
 Scorch                   Fire           38%        2d7       1%          2
 Conjure Flame            Conj/Fire      14%        6-21      6%          3
 Inner Flame              Hex/Fire       11%        N/A       7%          3
 Flame Wave               Conj/Fire      14%        2d6       17%         4


Dungeon Overview and Level Annotations

Branches:
Dungeon (2/15)

Altars:


Message History

You conjure some foxfire!
The gnoll hits you from afar with a +0 spear.
The foxfire hits the gnoll.
The gnoll is severely wounded.
The foxfire hits the gnoll.
The gnoll is severely wounded.
The foxfire hits the gnoll.
The gnoll is severely wounded.
There is a stone staircase leading up here.
You conjure some foxfire!
The gnoll closely misses you.
The gnoll hits you from afar with a +0 spear.
You are too injured to fight recklessly!
The gnoll hits you from afar with a +0 spear.
* * * LOW HITPOINT WARNING * * *
You climb upwards.
Your summoned allies are left behind.
There is a stone staircase leading down here.
You start resting.
Magic restored.
You start resting.
You start resting.
You start resting.
HP restored.
You start waiting.
Done waiting.
You climb downwards.
There is a stone staircase leading up, spattered with blood here.
The gnoll hits you with a +0 spear!
There is a stone staircase leading up, spattered with blood here.
The gnoll closely misses you. The gnoll barely misses you.
You climb upwards.
There is a stone staircase leading down here.
As you read the scroll labelled IGIM TIEDGHOCI, it crumbles to dust.
You hear a loud clanging noise!
It was a scroll of noise.
The gnoll hits you with a +0 club. The gnoll hits you with a +0 spear.
* * * LOW HITPOINT WARNING * * *
As you read the scroll labelled ENKOIXKUUSCH, it crumbles to dust.
Magic quickly surges around you.
It was a scroll of vulnerability.
The gnoll misses you. The gnoll hits you with a +0 spear.
You die...

####≈≈≈###.#..##
#....≈..#.#.≈...
#.#....#.##≈≈###
#.#.#..##.≈≈..#
##.#.#..≈#.≈..##
###....#..≈#...###
#......#..≈≈..≈≈≈#
#.##.#.#..#≈..≈#.##
#g@........≈≈.≈....
##g#.#....#.≈≈.#...
#.#.#.....#.≈##...
#.#.#.#...#..##...
#.#.#.....#.###...
#.#.#.............
#.....#.#.#######.
#####...#.#.........
#.......#.#)........


You could see 2 gnolls.

Vanquished Creatures
  Jessica (D:2)
  A gnoll (D:2)
  A worm (D:2)
  A dart slug (D:2)
  An orc (D:2)
  2 ball pythons (D:1)
  2 bats (D:1)
  4 endoplasms
  A goblin (D:1)
  4 hobgoblins
  A kobold (D:1)
  3 frilled lizards (D:1)
  A rat (D:1)
23 creatures vanquished.

Vanquished Creatures (others)
  171 foxfires
  8 fungi (D:2)
  2 plants (D:2)
181 creatures vanquished.

Grand Total: 204 creatures vanquished

Notes
Turn   | Place    | Note
-------+----------+-------------------------------------------
     0 | D:1      | Hubjo the Deep Elf Fire Elementalist began the quest for
                  | the Orb.
     0 | D:1      | Reached XP level 1. HP: 10/10 MP: 6/6
   296 | D:1      | Reached XP level 2. HP: 15/16 MP: 0/8
   650 | D:1      | Reached skill level 1 in Fighting
  1344 | D:2      | Noticed Jessica
  1349 | D:2      | Killed Jessica
  1350 | D:2      | Reached XP level 3. HP: 16/20 MP: 3/10
  2358 | D:1      | Slain by a gnoll

Illustrated notes

Levels and vault maps discovered:
D:1:      dpeg_arrival_rhombus, layout_basic, serial_rivers,
          chequers_serial_rivers_micro_c, chequers_serial_rivers_micro_d,
          chequers_serial_rivers_small_b, chequers_serial_rivers_large_b,
          chequers_serial_rivers_small_b, minivault_23, minivault_14
D:2:      layout_loops_ring, dreamdust_ecumenical_altar_hidden_monk_grotto,
          uniq_jessica

Skill      XL: |  1  2 |
---------------+-------+-----
Fighting       | 1 |  1.7
Stealth        | 3 |  3.2
Dodging        | |  2.4
Spellcasting   | |  3.7
Conjurations   | |  1.1
Fire Magic     | |  3.8

Action                   || total
-------------------------++-------
Melee: Unarmed           ||     4
 Cast: Foxfire           ||   104
  Use: Scroll            ||     4
Armor: Robe              ||     1
Dodge: Dodged            ||    15

Table legend: (Time is in decaauts)
 A = Elapsed time spent in this place.
 B = Non-inter-level travel time spent in this place.
 C = Inter-level travel time spent in this place.
 D = Time resting spent in this place.
 E = Time spent auto-exploring this place.
 F = Levels seen in this place.
 G = Mean time per level.
                   A        B        C        D        E       F      G
               +--------+--------+--------+--------+--------+-----+--------+
         Total |   2385 |   2356 |     29 |    301 |   1836 |   2 | 1192.5 |
       Dungeon |   2385 |   2356 |     29 |    301 |   1836 |   2 | 1192.5 |
               +--------+--------+--------+--------+--------+-----+--------+

Top non-repeatable levels by time:
     D:1: 1509 daAuts
     D:2: 876 daAuts
